Workbook
Name AÑO: [1]Hoja1!$G$4:$G$23
Name Cumplimiento: [2]Hoja2!$B$2:$B$3
Name Cumplimiento: [2]Hoja2!$B$2:$B$3
Name DIA: [1]Hoja1!$E$4:$E$35
Name ESTADO: [3]Hoja2!$B$3:$B$6
Name ESTADO: [3]Hoja2!$B$3:$B$6
Name FECHA: [4]Hoja1!$E$4:$G$16,[4]Hoja1!$E$17:$E$35,[4]Hoja1!$G$17:$G$23
Name FECHA: [5]Hoja1!$E$4:$G$16,[5]Hoja1!$E$17:$E$35,[5]Hoja1!$G$17:$G$23
Name LOCAL: [1]SUBDIRECIONES!$A$3:$A$18
Name MES: [1]Hoja1!$F$4:$F$16
Name OBSERVACION: [3]Hoja2!$D$3:$D$5
Name OBSERVACION: [3]Hoja2!$D$3:$D$5

Sheet ALTA DEPENDENCIA
E2: PROCESO GESTION DE BIENES Y SERVICIOS FORMATO No. 7 CALIFICACIÓN TÉCNICA DE INMUEBLES (COMPONENTE URBANÍSTICO Y DE INFRAESTRUCTURA) - COMUNIDAD DE CUIDADO - ADULTEZ
B7: 1. OBJETIVO: Verificar la infraestructura ofertada por el proponente , mediante una visita de inspección ocular a la edificación y determinar si es APTA o NO para prestar los servicios que ofrece la Secretaría Distrital de Integración Social.
B9: PARTE I INFORMACIÓN GENERAL DEL PREDIO
B10: PROPONENTE: | E10: No. DE PROCESO: | H10: CAPACIDAD MÍNIMA DEL PLIEGO: | K10: PROYECTO:
B11: FECHA DE DILIGENCIAMIENTO: | E11: LOCALIDAD: | H11: BARRIO: | K11: MODALIDAD:
B12: DIRECCIÓN: | H12: CHIP: | K12: SECTOR CATASTRAL:
B13: TELÉFONO: | E13: TIPO DE CLIMA: | H13: USO ACTUAL: | K13: MATRICULA INMOBILIARIA:
B15: 2. PARAMETROS URBANISTICOS
B17: ITEM | C17: ESPACIO | E17: DESCRIPCION | H17: REQUISITO MÌNIMO | I17: REQUISITO NECESARIO | J17: CUMPLIMIENTO | L17: N/A | M17: OBSERVACIONES
J18: SI | K18: NO
B19: 2.1. | C19: Esquema básico de los espacios ofertados | E19: "Deben presentarse en el momento de la visita los planos arquitectónicos básicos (pueden ser solo las plantas), en formato DWG preferiblemente en versión 2016 o anterior a esta. Especificando el nombre, las medidas y las áreas en m2 de cada uno los espacios ofertados, con el fin de verificar la capacidad de usuarios en cumplimiento del estándar establecido. Al momento de la visita deben ser presentados en físico en tamaño carta, teniendo en cuenta que al finalizar, el proponente firmara a modo de aceptación los espacios y áreas expuestos." | H19: X
B20: 2.2. | C20: Certificado de Riesgos | E20: Para este proceso es válido el concepto emitido por la página oficial de la secretaria Distrital de Planeación - SINUPOT, mediante el cual conste que el predio no se encuentra en zona de amenaza alta. | H20: X
B21: 2.3 | C21: Concepto de uso del suelo | E21: El oferente deberá presentar el concepto de uso del suelo expedido por la Secretaría Distrital de Planeación, SINUPOT o Curaduría Urbana, donde conste que de acuerdo con la norma urbanística vigente se permite uno de los siguientes usos: a. Dotacional equipamiento colectivo de bienestar social. b. dotacional equipamiento colectivo. c. Institucional clase I o II | H21: X
B22: 2.4 | C22: Distancia del inmueble respecto de Líneas de transmisión eléctrica de alta tensión | E22: Si se evidencian redes eléctricas con líneas de alta y extra alta tensión, se evaluarán de acuerdo con el anexo general del Reglamento Técnico de Instalaciones Eléctricas (RETIE) vigente, “...cumplir con el ancho de la zona de Servidumbre de líneas de transmisión para líneas de alta y extra alta tensión de las Tablas 13,1 y 22.1”. En dado caso de ser líneas de media tensión se deberán garantizar las distancias mínimas de seguridad respecto a las construcciones según lo expuesto en el RETIE. | H22: X
B23: 2.5 | C23: Recibos de servicios públicos domiciliarios y certificaciones | E23: El oferente deberá presentar los recibos de servicios públicos de energía eléctrica, acueducto y alcantarillado. | H23: X
E24: Se deberá aportar el recibo de gas natural en caso que el predio cuente con este servicio junto con los certificados de lavado de tanques, fumigación y control de plagas vigente. | I24: X
B25: 2.6 | C25: Localización del predio | E25: El predio se encuentra dentro de las ubicado dentro de las localizaciones estipuladas en anexo técnico. | H25: X
E26: Si el predio se encuentra ubicado fuera de Bogotá esta a una distancia máxima de 60 km desde los limites viales principales del Distrito Capital. | H26: X
B28: PARTE II INFORMACIÓN TECNICA DEL PREDIO
B30: 3. AFECTACIONES
B31: 3.1. AMENAZAS NATURALES
B32: No. | C32: AMENAZA
B34: 3.1.1. | C34: Remoción en masa
B35: 3.1.2. | C35: Inundación
B36: 3.1.3. | C36: Redes de Energía (Requisito mínimo)
B38: 4. DIAGNOSTICO TÉCNICO
B39: 4.1 UPZ | H39: 4.2 SECTOR NORMATIVO
B40: 4.3 TRATAMIENTO SEGÚN UPZ | H40: 4.4 ÁREA DE ACTIVIDAD
B41: 4.5 ZONA | H41: 4.6 USOS DOTACIONALES DE BIENESTAR SOCIAL PERMITIDOS (D. 120 DE 2018)
B42: 4.7 CLASIFICACIÓN DE ESCALA DEL EQUIPAMIENTO OBJETO DEL ESTUDIO
B44: 4.8 LOCALIZACIÓN
B48: Fuente: | C48: https://www.google.com/maps/place/Peaje+Chinauta/@4.2686637,-74.5047022,218m/data=!3m1!1e3!4m6!3m5!1s0x8e3f1e787256f2a5:0xb5a80cf3463f14bf!8m2!3d4.26945!4d-74.50003!16s%2Fg%2F11b88qnsj4?hl=es&entry=ttu&g_ep=EgoyMDI0MTAwMS4wIKXMDSoASAFQAw%3D%3D
B50: PARTE III CARACTERISTICAS ESPACIOS FISICOS
B52: 5. CUADRO DE AREAS (M2)
B53: No. | C53: ASPECTO | K53: M2 | M53: UNIDAD
B55: 5.1. | C55: Áreas de construcción | E55: AREA CONTRUIDA TOTAL PARA LA PRESTACIÒN DEL SERVICIO (CATASTRAL) | M55: M2
B57: 6. ASPECTOS GENERALES - OBSERVACIONES DEL ESTADO ACTUAL DE LA EDIFICACION
B59: ITEM | C59: DESCRIPCION | H59: REQUISITO MÌNIMO | I59: REQUISITO NECESARIO | J59: CUMPLIMIENTO | L59: N/A | M59: CANTIDAD
J60: SI | K60: NO
B61: 6.1 | C61: El inmueble cuenta con servicio de acueducto y alcantarillado y deberá garantizar la prestación de dicho servicio en la Unidad Operativa de manera ininterrumpida. | H61: X
B62: 6.2 | C62: El inmueble cuenta con tanque(s) de almacenamiento de agua aéreo o subterráneo conectado directamente al área de cocina y baños para garantizar su permanente circulación. Durante la prestación del servicio se debe garantizar el suministro de agua potable permanentemente a la población atendida mediante tanques de almacenamiento y reserva. | H62: X
B63: 6.3 | C63: El inmueble cuenta con servicio de energía eléctrica y deberá garantizar la prestación de dicho servicio en la Unidad Operativa de manera ininterrumpida | H63: X
B64: 6.4 | C64: El inmueble cuenta con servicio de gas y deberá garantizar la prestación de dicho servicio en la Unidad Operativa de manera ininterrumpida | I64: X
B65: 6.5 | C65: El inmueble cuenta con sistema de motobombas funcional, en buen estado y con un programa de mantenimiento (en caso de que existan) | I65: X
B66: 6.6 | C66: EL inmueble cuenta con calderas o calderines funcional, en buen estado y con un programa de mantenimiento (en caso de que existan) | I66: X
B67: 6.7 | C67: El inmueble cuenta con Detectores de humo | I67: X
B68: 6.8 | C68: El inmueble NO se encuentra continuo a zonas de almacenamiento de combustibles | H68: X
B69: 6.9 | C69: El inmueble NO se encuentra afectado por su cercanía a focos de contaminación (Rellenos sanitarios, botaderos, plazas de mercado) | H69: X
B70: 6.1 | C70: Los cerramientos o muros que delimitan la planta física con las viviendas vecinas y exteriores impiden el acceso de extraños | H70: X
B71: 6.11 | C71: La instalación eléctrica se encuentra en buen estado y funcionando | H71: X
B73: 7. PROGRAMA ARQUITECTONICO Y CARACTERISTICAS DE ESPACIOS
B75: ITEM | C75: DESCRIPCION | H75: REQUISITO MÌNIMO | I75: REQUISITO NECESARIO | J75: CUMPLIMIENTO | L75: N/A | M75: CANTIDAD
J76: SI | K76: NO
B77: 7.1 | C77: ACCESO. El predio cuenta con acceso independiente para la prestación del Servicio. | H77: X
B78: 7.2 | C78: USO EXCLUSIVO. Las áreas ofertadas por el proponente serán determinadas en los planos presentados dentro de la propuesta, las cuales serán visitadas y avaladas por la Subdirección de Plantas físicas y deberán ser de uso exclusivo para la prestación del servicio. En caso que se comparta estos espacios, el asociado deberá presentar a la supervisión o interventoría un protocolo que regule el modo de uso de cada uno de estos espacios donde especifique como va a garantizar el uso exclusivo para las personas mayores durante la prestación de servicio y cómo va a garantizar el correcto uso del espacio para la prestación del servicio. La supervisión o interventoría podrá solicitar modificación a los protocolos si lo considera pertinente. Y deberá garantizar el área para el uso de la totalidad de la población , incluyendo los otros participantes, de acuerdo al presente anexo técnico | H78: X
B80: 7.3 | C80: CONFORT. Independientemente del clima donde se localice el inmueble objeto de prestación del servicio, deberá brindar las mejores condiciones de temperatura, humedad, ventilación, entre otras, garantizando la salud, bienestar y seguridad de los usuarios. | H80: X
B81: 7.4 | C81: Accesibilidad, Señalización y señalética | H81: REQUISITO MÌNIMO | I81: REQUISITO NECESARIO | J81: SI | K81: NO | L81: N/A | M81: OBSERVACIONES
B82: 7,4,1 | C82: Si el inmueble cuenta con ascensor, El ascensor está debidamente certificado por la autoridad competente (ONAC) | I82: X
B83: 7,4,2 | C83: Todos los espacios de la unidad operativa se encuentran con señalización y señalética de evacuación y seguridad | I83: X
B84: 7,4,3 | C84: Todos los espacios de la unidad operativa se encuentran con señalización y señalética informativa | I84: X
B85: 7,4,4 | C85: Todas las áreas habitables tendrán una altura mínima de 2.05 m de altura. | H85: X
B86: 7.5 | C86: Pasillos y corredores | H86: REQUISITO MÌNIMO | I86: REQUISITO NECESARIO | J86: SI | K86: NO | L86: N/A | M86: OBSERVACIONES
B87: 7,5,1 | C87: Todos los corredores y pasillos se encuentran debidamente señalizados | I87: X
B88: 7,5,2 | C88: Todos los pasillos internos de la edificación deben tener un ancho mínimo no obstruido de 0.90 mts para lograr obtener conceptos favorables de seguridad humana por parte del Cuerpo Oficial de Bomberos, el servicio a través del acompañamiento técnico debe organizar en la operación que no se supere la carga máxima por piso que es de 50 personas. Si ésta se supera, deberán realizar el ajuste y ampliación de pasillos, escaleras y rutas de evacuación a 1.20 m | H88: X
B89: 7,5,3 | C89: Los pasillos y corredores estarán libres de obstáculos en todo su ancho mínimo y desde su piso hasta un plano paralelo a él ubicado a 2,05 m de altura. Dentro de ese espacio no se podrá ubicar elementos que lo invadan (ejemplo: luminarias, carteles, equipamiento, partes propias del edificio o de instalaciones). | H89: X
B90: 7,5,4 | C90: Los pavimentos de corredores y pasillos serán firmes, antideslizante y sin accidentes. No se admite tratamiento de la superficie que modifique esta condición (ejemplo encerado), no deben perder la característica de fácil limpieza y desinfección. | I90: X
B91: 7,5,5 | C91: Todas las circulaciones tienen pasamanos a ambos costados a 90 cm de altura. | I91: X
B92: 7.6 | C92: Rampas | H92: REQUISITO MÌNIMO | I92: REQUISITO NECESARIO | J92: SI | K92: NO | L92: N/A | M92: OBSERVACIONES
B93: 7,6,1 | C93: El pavimento de las rampas deberá ser firme, antideslizante y sin accidentes | H93: X
B94: 7,6,2 | C94: El espacio de recorrido de la rampa esta libre de elementos que la invadan (ejemplo: luminarias, carteles, equipamientos) | I94: X
B95: 7,6,3 | C95: Al comenzar y finalizar una rampa debe existir una superficie de aproximación que permita inscribir un circulo de 1,20 m de diámetro como mínimo, que no deberá ser invadida por elementos fijos, móviles o desplazables o por el barrido de puertas | H95: X
B96: 7,6,4 | C96: El ancho mínimo libre de las rampas es de 0,90 m. Las rampas que no accedan a zonas comunes deberán tener un ancho mínimo de 0.90 m | H96: X
B97: 7,6,5 | C97: Las rampas que salven desniveles superiores a 0,25 m deberán llevar pasamanos | I97: X
B98: 7,6,6 | C98: Las rampas tienen pasamanos a ambos lados que cumplan, continuos en todo su recorrido y con prolongaciones horizontales mayores de 30 cm al comienzo y al final | I98: X
B99: 7,6,7 | C99: Las rampas tienen pasamanos a 90 cm de altura y otro a 70 cm de altura. (Las alturas se miden verticalmente desde la arista exterior (virtual) de la rampa, con tolerancias de 5 cm). | I99: X
B100: 7,6,8 | C100: Todos los espacios de circulación que presenten cambios de nivel superiores a 0.10 m, cuentan con bordillos | I100: X
B101: 7,6,9 | C101: Deberá contar con elementos de transición (rampas) para acceder internamente de un espacio a otro de la Unidad Operativa (Si aplica) | H101: X
B102: 7.7 | C102: Escaleras | H102: REQUISITO MÌNIMO | I102: REQUISITO NECESARIO | J102: SI | K102: NO | L102: N/A | M102: OBSERVACIONES
B103: 7,7,1 | C103: Las escaleras deben estables, no pueden ser de estructura de madera ni tipo caracol | H103: X
B104: 7,7,2 | C104: Las escaleras internas de la edificación deben tener un ancho mínimo no obstruido de 0.90 mts, si accede a más de 50 usuarios por piso el ancho de la escalera será 1,20. | H104: X
B105: 7,7,3 | C105: La contrahuella debe tener una altura menor o igual a 18 cm | H105: X
B106: 7,7,4 | C106: Los pisos deben ser antideslizantes. sin relieves en su superficie, con las puntas diferenciadas visualmente. | I106: X
B107: 7,7,5 | C107: Los inicios de escaleras, finales de escaleras y escalones aislados, deberán presentar textura. Color e iluminación que los diferencie del pavimento general. | I107: X
B108: 7,7,6 | C108: Las escaleras están debidamente señalizadas. | I108: X
B109: 7,7,7 | C109: Las escaleras tienen pasamanos a ambos lados, firmes, continuos en todo su recorrido y con prolongaciones horizontales mayores de 30 cm al comienzo y al final | I109: X
B110: 7,7,8 | C110: Las escaleras tienen pasamanos a 90 cm de altura (Las alturas se miden verticalmente desde la arista exterior (virtual) de la escalera, con tolerancias del: 5 cm). | I110: X
B111: 7,7,9 | C111: Los extremos de los pasamanos son curvados a manera de evitar el punzonado o eventuales enganches | I111: X
B112: 7,7,10 | C112: Protección con barandas en zonas de circulación y zonas comunes que puedan evitar riesgo de caída durante su transito | I112: X
B113: 7.8 | C113: Puertas en General | H113: REQUISITO MÌNIMO | I113: REQUISITO NECESARIO | J113: SI | K113: NO | L113: N/A | M113: OBSERVACIONES
B114: 7,8,1 | C114: Las puertas están en buen estado, libres de grietas y defectos que dificulten su limpieza y desinfección | I114: X
B115: 7,8,2 | C115: La altura libre mínima de puertas en espacios habitables de la puerta es 1.90 m | H115: X
B116: 7,8,3 | C116: Las puertas o divisiones deben ser visibles. Si son de material transparente tienen franjas de cintas demarcadoras a una altura de 1.00m con un ancho de 0.20m. | I116: X
B117: 7,8,4 | C117: En puertas corredizas, los rieles o guías inferiores están a nivel de piso sin generar riesgo de tropiezo | I117: X
B118: 7,8,5 | C118: Las puertas son de al menos 0.80 mts de ancho | H118: X
B119: 7,8,6 | C119: Las cerraduras están en buen estado de funcionamiento, no presentan filos o bordes, y son de fácil uso para los participantes. | I119: X
B120: 7.9 | C120: Ventanas y vidrios en general | H120: REQUISITO MÌNIMO | I120: REQUISITO NECESARIO | J120: SI | K120: NO | L120: N/A | M120: OBSERVACIONES
B121: 7,9,1 | C121: Los vidrios están en buen estado: completos, sin roturas, vencimientos y asegurados firmemente al marco que los soporta | I121: X
B122: 7,9,2 | C122: La altura de antepechos es mayor o igual a 1.20m. Si este no fuera el caso, cuenta con un suplemento como barandas, rejas u otro (con sus respectivos pasamanos) que cumple con esta altura. | I122: X
B123: 7,9,3 | C123: Todos los vidrios y/o espejos de la institución son laminados, templados o tienen película de seguridad o similar completa. | I123: X
B124: 7,9,4 | C124: Los materiales de frágil resistencia (claraboyas, marquesinas, lámparas) tienen elementos de protección a los efectos causados por el rompimiento de los mismos. | I124: X
...

Sheet REGISTRO FOTOGRAFICO
F2: SECRETARIA DISTRITAL DE INTEGRACION SOCIAL DIRECCION DE GESTION CORPORATIVA SUBDIRECCION DE PLANTAS FISICAS FORMATO CALIFICACION TECNICA DE INMUEBLES | O2: IDENTIFICACION
O3: PROYECTO :
O4: PROCESO COMPETITIVO:
O5: NOMBRE PROPONENTE | Q5: =+'ALTA DEPENDENCIA'!D10 -> 0
O6: DIRECCION DEL PREDIO
B8: PARTE V
B9: 11. REGISTRO FOTOGRAFICO ANEXO
B11: 13.1. FECHA ELABORACIÓN: | F11: =+'ALTA DEPENDENCIA'!D11 -> 0 | J11: 13.2. MODALIDAD:
B12: 13.3 LOCALIDAD | F12: =+'ALTA DEPENDENCIA'!F11:G11 -> 0 | J12: 13.4. CHIP
B19: DESCRIPCIÓN: INGRESO - COMEDOR | K19: DESCRIPCIÓN: COCINA - DESPENSA
B26: DESCRIPCIÓN: ATENCION PRIMARIA - HABITACION | K26: DESCRIPCIÓN: PLANTA ELECTRICA - BAÑOS
B33: DESCRIPCIÓN: HABITACIONES | K33: DESCRIPCIÓN: ATENCION PROFESIONAL - TALLER
B40: DESCRIPCIÓN: TALLER - BODEGA ELEMENTOS DE ASEO | K40: DESCRIPCIÓN: ROPERIA - LAVANDERIA

Sheet PLANOS
F2: SECRETARIA DISTRITAL DE INTEGRACION SOCIAL DIRECCION DE GESTION CORPORATIVA SUBDIRECCION DE PLANTAS FISICAS FORMATO CALIFICACION TECNICA DE INMUEBLES | O2: IDENTIFICACION
O3: PROYECTO : | Q3: ='REGISTRO FOTOGRAFICO'!Q3 -> 0
O4: PROCESO COMPETITIVO: | Q4: ='REGISTRO FOTOGRAFICO'!Q4 -> 0
O5: NOMBRE PROPONENTE | Q5: ='REGISTRO FOTOGRAFICO'!Q5 -> 0
O6: DIRECCION DEL PREDIO | Q6: ='REGISTRO FOTOGRAFICO'!Q6 -> 0
B8: PARTE VI
B9: 12. PLANOS
B11: 13.1. FECHA ELABORACIÓN: | F11: ='REGISTRO FOTOGRAFICO'!F11:I11 -> 0 | J11: 13.2. MODALIDAD: | O11: ='REGISTRO FOTOGRAFICO'!O11:Q11 -> 0
B12: 13.3 LOCALIDAD | F12: ='REGISTRO FOTOGRAFICO'!F12:I12 -> 0 | J12: 13.4. CHIP | O12: ='REGISTRO FOTOGRAFICO'!O12:Q12 -> 0

Sheet FCTI JURI
F2: PROCESO GESTION DE BIENES Y SERVICIOS FORMATO CALIFICACION TECNICA DE INMUEBLES (COMPONENTE JURIDICO)
B7: PARTE I INFORMACIÓN GENERAL DEL PREDIO
B8: NOMBRE DEL PROPONENTE: | O8: N° PROCESO | S8: SDIS-DCT-
B9: FECHA DE DILIGENCIAMIENTO: | F9: LOCALIDAD: | L9: MATRICULA INMOBILIARIA
B10: DIRECCIÓN: | M10: CHIP
B12: PARTE II
B14: 1. INFORMACIÓN JURIDICA DEL PREDIO
S16: CUENTA CON EL DOCUMENTO | U16: NATURALEZA DEL PREDIO
B17: No. | C17: ASPECTO | F17: CONDICIÓN | S17: SI | T17: NO | U17: PUBLICO | V17: PRIVADO
B19: 1.1 | C19: Certificado de Tradición y libertad o Folio de Matricula Inmobiliaria | F19: Los oferentes deberán presentar con su propuesta el CERTIFICADO DE TRADICIÓN Y LIBERTAD documento expedido por la Oficina de Registro de Instrumentos Públicos correspondiente al predio ofertado, con fecha no mayor a un (1) mes de expedición, en caso de no expedición del mismos, deber´pa suministar dato del folio de matrrícula inmibioiaria para su consulta en bases públicas de información. De la revisión del mismo se debe concluir si el inmueble es de propiedad de un privado o por el contrario es de propiedad del Distrito Capital. En el evento de pertenecer al Distrito Capital no se reconocerá el pago del rubro asignado para espacio físico funcional en la estructura de costos; si la infraestructura o construcción propuesta se localiza en más de un inmueble debe presentarse el certificado de tradición y libertad por cada uno de tales predios. Para los bienes inmuebles ofertados que presenten medidas cautelares como embargos, prohibición de enajenar, declaratorias de utilidad pública, declaratoria de interés social, oferta de compra, expropiación u otros actos que puedan llegar a afectar la prestación del servicio, la Secretaría Distrital de Integración Social – SDIS puede solicitar en la etapa de subsanación el documento por medio del cual se garantice la No Afectación del servicio, en caso que el oferente no subsane se calificará NO CUMPLE. | W19: QUE EL OFERENTE NO APORTO EL CERTIFICADO DE TRADICION Y NLIBERTAD VIGENTE
B21: 1.2 | C21: Certtificado catastral o impuesto predial | F21: Los oferentes deberán presentar con su propuesta, por cada Unidad Predial el certificado catastral o boletín de nomenclatura expedido por la Unidad Administrativa Especial de Catastro Distrital (UAECD), documento por medio del cual, la autoridad catastral hace constar la inscripción del predio, sus características y condiciones físicas, según la base de datos de información catastral con una vigencia no superior a tres (3) meses). En caso de no contar con dicho documento se podrá anexar copia del recibo de pago del impuesto predial del año en curso, en donde consten claramente los siguientes datos del predio: código catastral, CHIP y nomenclatura oficial, de no presentar este documento con la oferta será calificada como NO CUMPLE.
B22: 1.3 | C22: Acto administrativo o civil | F22: Si el proponente no es el titular de derecho de dominio del inmueble presentado, deberá allegar con la propuesta la carta de intención de suscripción de convenio de arriendo, comodato o cualquier acto administrativo o civil -por cada Unidad Predial- expedida por el (los) respectivo(s) titular(es) que garantice la disposición y uso del inmueble, en la que se obligue a que, en el caso de ser adjudicado al proponente el presente proceso competitivo, éste realizará el correspondiente convenio de arrendamiento. Con la Carta de Intención, se deberá anexar la copia del documento de identidad del (los) propietario(s) persona natural, en caso en que el (los) propietario(s) actúe(n) mediante apoderado se debe allegar el poder debidamente autenticado por el(los) propietario(s), para el caso de personas jurídicas se debe allegar el certificado de existencia y representación legal junto con copia de la cédula del representante legal. En el evento en que el propietario del inmueble no mantenga la intención de arrendamiento al OFERENTE la propuesta quedará RECHAZADA.
B23: 5.2. VERIFICACIÓN DE LA INSTALACIÓN ELÉCTRICA
B25: No. | C25: ASPECTO | F25: CONDICIÓN | S25: SI | V25: NO
B27: 5.2.1 | C27: Instalaciones eléctricas | F27: La instalación eléctrica se encuentra en buen estado y funcionando (Requisito mínimo)
B28: 5.2.2 | C28: Información sobre la cuenta | F28: DATOS
F29: Número de cuenta de cliente según factura:
F30: Carga aprobada/aforada según factura (kW):
B33: PARTE VI CARACTERISTICAS PARTICULARES DEL SERVICIO A IMPLEMENTAR
B35: 6.1. REQUERIMIENTOS GENERALES PARA EL FUNCIONAMIENTO DE UN SERVICIO SOCIAL DE LA SECRETARIA DISTRITAL DE INTEGRACION SOCIAL
B37: ITEM | C37: ELEMENTO | F37: DESCRIPCIÓN ACTIVIDAD | S37: SI | V37: NO
B39: 6.1.1 | C39: Accesibilidad, señalizacion y señaletica | F39: Rampas de acceso o medios alternativos mecanicos para el ingreso a los espacios de la unidad operativa
F40: Todos los espacion de la unidad operativa se encuentran con señalizacion y señaletica
B41: 6.1.2 | C41: Iluminación y ventilación | F41: El inmueble cuenta con adecuada ventilacion (Requisito mínimo)
F42: El inmueble cuenta con adecuada Iluminacion (Requisito mínimo)
F43: El inmueble cuenta con adecuada circulación de aire de la cocina protegidas con mallas de materal no corrosivo (angeo)
F44: Los baños del inmueble no podrán compartir una ventana para ventilación con la cocina. En ningún caso deberán existir ventilación cruzada entre baños y cocina
F45: Las lámparas protegidas para evitar el riesgo de contaminación física en caso de ruptura accidental de las bombillas
B46: 6.1.3 | C46: Escaleras (en caso de que existan) | F46: Las escaleras estables (Requisito mínimo)
F47: Cinta antideslizante en los escalones de la escalera.
F48: Pasamanos de escaleras a una altura de +-90 cm.
F49: Proteccion con barandas en zonas de circulacion y zonas comunes que puedan evitar riesgo de caida durante su transito
B50: 6.1.4 | C50: Ventanería | F50: Marcos de ventana en buen estado sin oxido o elementos sueltos.
F51: Vidrios de ventanas con películas de seguridad
B52: 6.1.5 | C52: Puertas | F52: Puerta de cocina y despensa metalica
F53: Suplementos para reducir las aberturas entre las puertas y los pisos las cuales deben ser menores a un centímetro
F54: Puertas de baños en buen estado
B55: 6.1.6 | C55: Cocina y despensa | F55: La cocina cuenta con sifòn y rejilla para la evacuaciòn de residuos lìquidos en el piso (Requisito mínimo)
F56: Los acabados de piso en cocina y despensa son en baldosa y se encuentran en buen estado, sin fracturas ni vencimientos y debidamente emboquillados
F57: Los muros de cocina y despensa son en baldosa o pintura epoxica permitiendo la facil limpieza y desinfeccion
F58: El acabado de cielo raso de cocina y despensa cuenta con un acabado que permita la facil limpieza y desinfeccion.
F59: La cocina y despensa cuentan con media caña en las uniones piso-muro y muro-muro
F60: Los muros de mesones para manipulacion de comida y estructuras de almacenamiento de comida estan con superficies de facil limpieza y desinfeccion
F61: Existe protección en las instalaciones electricas (tomacorrientes) en cocina y despensa
F62: Los aparatos de iluminacion estan protegidos para evitar contaminación
B63: 6.1.7 | C63: Comedor (zona de servido) | F63: Cuenta con adecuada ventilacion (Requisito mínimo)
F64: cuanta con adecuada iluminacion (Requisito mínimo)
F65: paredes y pisos con superficies de facil limpieza y desinfeccion
F66: Techos y cielos rasos con superficies que permital la facil limpiexza y desinfeccion
B67: 6.1.8 | C67: Baños | F67: Cuenta con baños que permitan el ingreso y uso de todo tipo de ususarios
F68: Cuenta con baterias sanitarias en buen estado (lavamanos e inhodoro) (Requisito mínimo)
F69: Cuenta con barandas o apoyos en baños
F70: paredes y pisos con superficies de facil limpieza y desinfeccion
F71: Techos y cielos rasos con superficies que permital la facil limpiexza y desinfeccion
B72: 6.1.9 | C72: Cuarto de almacenamiento temporal de residuos | F72: Cuarto de almacenamiento temporal de residuos o unidad movil de almacenamiento central de residuos (Requisito mínimo)
F73: El cuarto de basuras o la unidad movil de almacanamiento es hermetico, evitando el acceso y proliferacion de vectores, insectos, roedores, animales domesticos y suciedad
F74: El area o espacio debe tener paredes y pisos con superficies de facil limpieza y desinfeccion
F75: En caso de tener cuarto de basuras cuanta con punto hidraulico y desague cercano
F76: El cuarto de basuras o unidad movil de almacenamiento cuenta con adecuada ventilacion
F77: La ubicación del cuarto de basuras o unidad movil de almacenamiento central de residuos esta aislada del sitio de preparacion y almacenamiento de alimentos evitando riesgos de contaminacion
F78: El area del cuarto de basuras o unidad movil de almacenamiento central de residuos es suficiente para contener las canecas de almacenamiento de residuos sólidos (Requisito mínimo)
B79: 6.1.10 | C79: Tanque de agua | F79: La edificacion cuenta con tanque de almacenamiento de agua en material diferente a asbesto cemento (Requisito mínimo)
F80: El o los tanques de almacenamiento de agua estan debidamente protegidos con tapa que permita el ingreso para su lavado (Requisito mínimo)
F81: El o los tanques de almacenamiento de agua estan ubicados en áreas de la edificación que permitan acceso para su lavado y desinfección (Requisito mínimo)
F82: El o los tanques de almacenamiento de agua estan conectados como mínimo con las redes de suministro de agua en cocina y baños (Requisito mínimo)
F83: El o los tanques de almacenamiento de agua estan debidamente impermeabilizados y protegidos de infiltraciones de agua.
F84: Cuenta con certificado de lavado de tanque con una vigencia de 6 meses según lo exigido en el Decreto 1575 de 2007 y Resolución 2115 de 2007, que se incluye en el Plan de Saneamiento Básico
B85: 6.1.11 | C85: Cielo rasos | F85: En zonas de servicios como cocina, alacena, baños, comedor y cuarto de primero auxilios debe contar con superficies lisas, de fácil limpieza y desinfección (En madera no se acepta)
B86: 6.1.12 | C86: Muros | F86: las superficies de muros son lisas permitiendo su facil limpieza y desinfeccion
F87: los muros estan libres de humedades
B88: 6.1.13 | C88: Pisos | F88: Pisos antideslizantes o cintas antideslizantes en todas las zonas de la unidad operativa
F89: Los pisos de todo el inmueble no deben tener desniveles o tropezones que generen riesgo para los usuarios. En caso de existir deben ser corregidos nivelando el piso o con rampas antideslizantes con pasamanos.
F90: Pisos en buen estado sin fracturas que generen riesgos para participantes y funcionarios
F91: Las rejillas, limpia pies y otros elementos colocados en el piso deben estar firmemente asegurados a éste
B92: 6.1.14 | C92: Pintura | F92: Pintura en muros y techos libres de humedad
F93: Pintura en muros y techos en general en buen estado
F94: Pintura epóxica en areas no enchapadas de zonas húmedas (cocina, despensa, baños)
B95: 6.1.15 | C95: Otros | F95: Si la edificacion cuenta con servicio de gas propano, el lugar de la ubicación de las pipetas es aislado, ventilado y protegido de personas o agentes extraños que puedan causar indebida manipulación (Requisito mínimo)
B98: NOTA 1: El diligenciamiento de este formato se realiza por medio de una inspeccion ocular. La estabilidad estructural de la edificacion es responsabilidad del oferente
B100: PARTE VIII
B102: 7.1. OBSERVACIONES FINALES
B107: 7.2. CONCLUSION FINAL
B109: Propiedad del Distrito SI ____ NO ____
B110: Carta de compromiso de Arriendo SI___ NO____
B113: 7.3. FIRMA DE PROFESIONAL RESPONSABLE Y FECHA DE ELABORACION
B114: NOMBRE | J114: FIRMA | Q114: TARJETA PROFESIONAL

Sheet Hoja4
D2: PROCESO GESTION DE BIENES Y SERVICIOS FORMATO CALIFICACION TECNICA DE INMUEBLES (COMPONENTE URBANISTICO E INFRAESTRUCTURA) PARA SERVICIO DE VEJEZ EN LA MODALIDAD DE CENTROS DE PROTECCIÓN SOCIAL ADULTO MAYOR (MODALIDAD SEVEROS - MODERADOS) - CENTROS DÍA - CENTROS DÍA Y NOCHE
A7: 1. OBJETIVO: Verificar la infraestructura ofertada por el proponente , mediante una visita de inspección ocular a la edificación y determinar si es APTA o NO para prestar los servicios que ofrece la Secretaría Distrital de Integración Social.
A9: PARTE I INFORMACIÓN GENERAL DEL PREDIO
A10: PROPONENTE: | D10: No. DE PROCESO:
A11: FECHA DE DILIGENCIAMIENTO: | D11: LOCALIDAD:
A12: DIRECCIÓN:
A13: TELÉFONO: | D13: TIPO DE CLIMA:
A15: 2. PARAMETROS URBANISTICOS
A17: No. | B17: ASPECTO | J17: SI | K17: NO | L17: OBSERVACIONES
A19: 2.1. | B19: Esquema básico de los espacios ofertados (Requisito mínimo)
A20: 2.2. | B20: Licencia de Construccion
A21: 2.3. | B21: Concepto de uso del suelo (Requisito mínimo)
A23: PARTE II INFORMACIÓN TECNICA DEL PREDIO
A25: 3. AFECTACIONES
A26: 3.1. AMENAZAS NATURALES
A27: No. | B27: AMENAZA
A29: 3.1.1. | B29: Remoción en masa
A30: 3.1.2. | B30: Inundación
A31: 3.1.3. | B31: Redes de Energia (Requisito mínimo)
A33: 4. DIAGNOSTICO TÉCNICO
A35: 4.1 UPZ | G35: 4.2 SECTOR NORMATIVO | J35: N/A
A36: 4.3 TRATAMIENTO SEGÚN UPZ | G36: 4.4 ÁREA DE ACTIVIDAD | J36: N/A
A37: 4.5 ZONA | G37: 4.6 USOS DOTACIONALES DE BIENESTAR SOCIAL PERMITIDOS (D. 120 DE 2018) | J37: N/A
A38: 4.7 CLASIFICACIÓN DE ESCALA DEL EQUIPAMIENTO OBJETO DEL ESTUDIO | G38: N/A
A40: 4.8 LOCALIZACIÓN
A45: Fuente: | B45: https://www.google.com/maps/place/4%C2%B029'09.1%22N+74%C2%B022'39.3%22W/@4.4858498,-74.3797752,1152m/data=!3m2!1e3!4b1!4m5!3m4!1s0x0:0x0!8m2!3d4.4858498!4d-74.3775865?hl=es
A47: PARTE III CARACTERISTICAS ESPACIOS FISICOS
A49: 5. CUADRO DE AREAS (M2)
A50: No. | B50: ASPECTO | J50: M2 | L50: UNIDAD
A52: 5.1. | B52: Areas de construcción | J52: 1360 | L52: M2
A53: NOTA: CUANDO EL SERVICIO SE PRESTE EN ÀREAS PARCIALES SE DEBERÀ DISCRIMINAR EL ÀREA POR PISO
